 Dungeon Crawl Stone Soup version 0.17.2-1-ge4368a0 (webtiles) character file.

53 ololoev the Chopper (level 3, -2/29 HPs)
             Began as a Demonspawn Berserker on July 28, 2016.
             Was a Follower of Trog.
             Slain by Prince Ribbit (5 damage)
             ... on level 5 of the Dungeon.
             The game lasted 00:02:12 (371 turns).

ololoev the Chopper (Demonspawn Berserker)           Turns: 371, Time: 00:02:13

Health: -2/29      AC:  8    Str: 18    XL:     3   Next: 62%
Magic:  0/3        EV: 13    Int:  8    God:    Trog [*.....]
Gold:   57         SH:  0    Dex: 17    Spells: 0 memorised, 2 levels left

rFire  . . .     SeeInvis .     a - +0 hand axe
rCold  . . .     Clarity  .     d - +0 chain mail
rNeg   . . .     SustAt   .     (no shield)
rPois  .         Gourm    .     (no helmet)
rElec  .         Spirit   +     (no cloak)
rCorr  .         Warding  .     (no gloves)
rMut   .         Stasis   .     (no boots)
MR     .....                    (no amulet)
Stlth  ..........               (no ring)
                                (no ring)

@: agile, not resistant to hostile enchantments, extremely unstealthy
A: powered by death 1, magic shield
a: Berserk, Burn Spellbooks, Renounce Religion


Innate Abilities, Weirdness & Mutations

You regenerate a little health from kills.
When hurt, damage is shared between your health and your magic reserves.

Inventory:

Hand Weapons
 a - a +0 hand axe (weapon)
Armour
 b - a +0 animal skin
 d - a +0 chain mail (worn)
Scrolls
 e - a scroll of identify {unknown}
 f - 2 scrolls of remove curse {unknown}
 h - 2 scrolls of amnesia {unknown}
 k - a scroll of random uselessness {unknown}
Comestibles
 c - a bread ration
 i - a meat ration
 j - a chunk of flesh


   Skills:
 - Level 3.0 Fighting
 * Level 3.6 Axes
 + Level 2.2 Armour
 + Level 2.2 Dodging


You had 2 spell levels left.
You didn't know any spells.


You were on level 5 of the Dungeon.
You worshipped Trog.
Trog was aware of your devotion.
You were hungry.

You visited 2 branches of the dungeon, and saw 6 of its levels.

You collected 57 gold pieces.

###.#######...########
.( #...<....... ..
#...#######. ... #...#
.## #...# #...# ###
#...# #.#..######...#
#....@F.....###
###..######.# #.. ..#
#.. .### #.. #.. #..
#..

Notes
Turn   | Place    | Note
--------------------------------------------------------------
     0 | D:1      | ololoev the Demonspawn Berserker began the quest for the Orb.
     0 | D:1      | Reached XP level 1. HP: 18/18 MP: 1/1
   114 | D:2      | Gained mutation: You regenerate a little health from kills. [demonic ancestry]
   114 | D:2      | Reached XP level 2. HP: 24/24 MP: 2/2
   194 | D:4      | Gained mutation: When hurt, damage is shared between your health and your magic reserves. [demonic ancestry]
   194 | D:4      | Reached XP level 3. HP: 29/29 MP: 3/3
   270 | D:4      | Found a staircase to the Ecumenical Temple.
   276 | Temple   | Entered the Ecumenical Temple
   321 | D:5      | Entered Level 5 of the Dungeon
   344 | D:5      | Noticed Prince Ribbit
   371 | D:5      | Slain by Prince Ribbit

Dungeon Overview and Level Annotations

Branches:
Dungeon (5/15)             Temple (1/1) D:4

Altars:
Ashenzari
Dithmenos
Elyvilon
Fedhas
Gozag
Qazlal
Xom
The Shining One

Annotations:
D:5 Prince Ribbit


Message History

You hit the jackal but do no damage.
The jackal bites you but does no damage. x2
You hit the jackal.
The jackal is moderately wounded.
The jackal closely misses you. The jackal misses you.
You hit the jackal.
You kill the jackal!
Trog accepts your kill.
No target in view!
You now have 57 gold pieces (gained 15).
k - a scroll labeled QYXOTZ HEDGH You feel less regenerative.
You open the door.
There is an open door here.
Prince Ribbit comes into view.
Prince Ribbit croaks.
Prince Ribbit hits you! x2
Found 18 stones.
You aren't carrying any items that can be evoked.
Unknown command.
Prince Ribbit blinks!
Drink which item? (? for menu, Esc to quit)
It was a potion of agility.
You feel agile all of a sudden.
There is a stone staircase leading up here.
Prince Ribbit momentarily phases out as your attack passes through him.
Prince Ribbit hops awkwardly around.
Prince Ribbit hits you but does no damage.
Prince Ribbit hits you.
Prince Ribbit hops awkwardly around.
Prince Ribbit momentarily phases out as your attack passes through him.
Prince Ribbit hits you but does no damage. x2
You closely miss Prince Ribbit. Prince Ribbit hits you!
Prince Ribbit misses you. Prince Ribbit closely misses you.
Prince Ribbit hits you but does no damage.
Prince Ribbit barely misses you.
You are feeling hungry.
Prince Ribbit hits you.
You die...

You could see Prince Ribbit.

Vanquished Creatures
  An iguana (D:4)
  An adder (D:4)
  A worm (D:2)
  2 hobgoblins (D:1)
  2 jackals (D:5)
  A giant cockroach (D:3)
  2 giant newts
  A kobold (D:2)
  A quokka skeleton (D:4)
  3 rats
15 creatures vanquished.

Action                   || total
-------------------------++-------
Melee: Hand axe          ||    46
Invok: Berserk           ||     2
  Use: Potion            ||     1

Vault maps used:
D:1:      minmay_arrival_five_plusses
D:3:      grunt_temple_overflow_diamond, first_bread, serial_forest,
          infiniplex_forest_clump_long, infiniplex_forest_clump_diagonal,
          infiniplex_forest_clump_medium, infiniplex_forest_clump_tiny,
          infiniplex_forest_lined_3, infiniplex_forest_straight_4,
          infiniplex_forest_lined_ring, infiniplex_forest_clump_small,
          minmay_vboxes
D:4:      nemelex_xobeh_ov_fountains_minmay, minmay_temple_entry_hall,
          minivault_14
D:5:      grunt_temple_overflow_open, item_on_display_a, uniq_prince_ribbit1
Temple:   minmay_temple_bridge_a_8
